Cogmind - Beta 14 @@@ ROGUE MODE // 2024.09.09 @ 15:45:36 Player: THN-L0C Result: Destroyed by G-73 Enforcer with Phase Gun Performance ------------- Evolutions (6) 3000 Regions Visited (14) 2800 Robots Destroyed (225) 1125 Value Destroyed (8217) 8217 Prototype IDs (48) 960 Alien Tech Used (0) 0 Bonus (1516) 1516 TOTAL SCORE: 17618 Bonus ------- High Alert Combat Kills 1056 Follower Combat Kills 901 Aligned with FarCom 300 Friendly Fire -741 Cogmind --------- Core Integrity 0/1150 Matter 288/300 Energy 31/100 System Corruption 8% Temperature Cool (9) Movement Core (700) Ox13 Location -4/Extension Parts ------- > --- POWER (2) -------- (None) > --- PROPULSION (3) --- (None) > --- UTILITY (10) ----- High-capacity Storage Unit Improved Armor Integrity Analyzer > --- WEAPON (4) ------- (None) > --- INVENTORY (20) --- Improved Coolant Injector Gravity Neutralizer Faulty Experimental Sensor Array Long-range Terrain Scanner Advanced Launcher Guidance Computer Advanced Weapon Cycler Advanced Component Analysis Suite Thief Drone Bay (3/3) Power Sword Peak State ------------ > --- POWER ------------ Neutrino Core Neutrino Core > --- PROPULSION ------- Enhanced Armored Leg Potential Leg Potential Leg > --- UTILITY ---------- Experimental Heat Sink High-capacity Storage Unit Advanced Targeting Computer Improved Target Analyzer Experimental Core Analyzer Improved Armor Integrity Analyzer Matter Filter Improved Medium Armor Plating Force Field Advanced Component Analysis Suite > --- WEAPON ----------- AWS/Thermal KE Penetrator Hypervelocity Coil Gun > --- INVENTORY -------- Micro Fission Core Experimental Flexi-carbon Leg Experimental Flexi-carbon Leg Cooled Airjet Gravity Neutralizer Experimental Sensor Array Seismic Detector Advanced Launcher Guidance Computer Advanced Weapon Cycler Improved Medium Armor Plating Improved Recalibrator Thief Drone Bay KE Penetrator XL Autogun Array Power Sword Deploy-a-Sentry [Rating: 134] Favorites ----------- Power Nuclear Core Engine Heavy Deuterium Engine Power Core Nuclear Core Reactor Light Antimatter Reactor Propulsion Advanced Myomer Leg Treads Light Treads Leg Advanced Myomer Leg Hover Unit Cooled Airjet Utility Hardened Medium Armor Plating Device Experimental Heat Sink Storage High-capacity Storage Unit Processor Improved Armor Integrity Analyzer Protection Hardened Medium Armor Plating Weapon 8R-AWN's Boregun Energy Gun Field Laser Energy Cannon Cooled Particle Cannon Ballistic Gun 8R-AWN's Boregun Launcher Grenade Launcher Impact Weapon Hammer Slashing Weapon Power Sword Build | -11 -10 -10 -9 -9 -9 -8 -8 -7 -7 -7 -7 -5 -4 -4 ------- Run | Yrd Mat Min Mat Min Exi Min Mat Fac Sto Rec Scr Fac Fac Ext Slots Evolved 12 | . . . 2 . . . 2 2 . . . 4 2 . Power 1 | . . . . . . . . . . . . . 1 . Propulsion 1 | . . . . . . . . . . . . . 1 . Utility 8 | . . . 2 . . . 2 2 . . . 2 . . Weapon 2 | . . . . . . . . . . . . 2 . . Parts Attached 219 | 7 10 5 21 4 37 2 15 2 24 2 3 22 38 27 Power 28 | 1 . 1 3 . 3 . 2 . 3 . 1 3 5 6 Engine 8 | 1 . 1 . . 1 . 1 . 3 . 1 . . . Core 13 | . . . 3 . 2 . 1 . . . . 3 2 2 Reactor 7 | . . . . . . . . . . . . . 3 4 Propulsion 19 | 2 3 . 1 . 2 . . . 3 . 1 1 1 5 Treads 6 | 2 3 . 1 . . . . . . . . . . . Leg 12 | . . . . . 2 . . . 2 . 1 1 1 5 Wheel . | . . . . . . . . . . . . . . . Hover 1 | . . . . . . . . . 1 . . . . . Flight . | . . . . . . . . . . . . . . . Utility 96 | 2 4 4 7 3 21 1 10 2 7 1 1 11 14 8 Device 45 | 1 1 3 2 2 11 1 3 . 1 . 1 3 10 6 Storage 9 | 1 1 1 1 . 3 . 2 . . . . . . . Processor 5 | . . . . . . . 2 . 2 . . 1 . . Hackware . | . . . . . . . . . . . . . . . Protection 37 | . 2 . 4 1 7 . 3 2 4 1 . 7 4 2 Artifact . | . . . . . . . . . . . . . . . Weapon 76 | 2 3 . 10 1 11 1 3 . 11 1 . 7 18 8 Energy Gun 19 | . . . 5 . 2 . 2 . 5 . . 1 3 1 Energy Cannon 3 | . . . . . . . . . 1 1 . . . 1 Ballistic Gun 42 | 2 2 . 2 . 7 . . . 5 . . 5 13 6 Ballistic Cannon . | . . . . . . . . . . . . . . . Launcher 7 | . 1 . 2 1 2 1 . . . . . . . . Special Weapon . | . . . . . . . . . . . . . . . Impact Weapon 2 | . . . 1 . . . 1 . . . . . . . Slashing Weapon 3 | . . . . . . . . . . . . 1 2 . Piercing Weapon . | . . . . . . . . . . . . . . . Special Melee Weapon . | . . . . . . . . . . . . . . . Unidentified Prototypes 15 | . . 1 . 1 6 . . . 5 . . . 2 . Parts Lost 61 | . . . 4 . 2 1 1 . 3 3 . 2 15 30 Power 12 | . . . . . 1 . . . 1 1 . 1 3 5 Propulsion 10 | . . . 1 . . . . . . 1 . 1 . 7 Utility 22 | . . . 1 . 1 . 1 . 1 . . . 8 10 Weapon 17 | . . . 2 . . 1 . . 1 1 . . 4 8 Highest Loss Streak 24 | . . . 1 . 2 1 1 . 1 3 . 1 9 24 To Critical Strikes 1 | . . . . . . . . . . . . . . 1 Average Slot Usage (%) 95 | . 99 100 99 100 97 87 89 92 98 91 95 88 92 96 Engine 4 | . 14 14 . . 2 11 2 7 7 3 3 . . . Core 5 | . . . 10 11 8 . 6 . . . . 4 7 1 Treads 8 | . 27 28 21 22 10 . . . . . . . . . Leg 11 | . . . . . 11 22 18 15 14 10 14 10 14 14 Device 14 | . 7 12 20 22 12 15 20 15 8 7 14 10 15 21 Storage 9 | . 14 14 11 11 11 11 9 7 7 7 7 5 5 5 Processor 8 | . . . . . . . 15 15 25 30 30 24 20 14 Protection 12 | . 6 1 12 11 18 6 7 23 18 15 7 15 8 8 Energy Gun 4 | . . . 16 11 3 . 8 7 4 7 7 . 1 . Ballistic Gun 11 | . 27 28 2 . 12 11 . . 8 3 . 9 14 18 Launcher 2 | . . . . 11 5 10 . . . . . . . . Peak Build Rating 134 | 7 8 14 23 30 73 56 83 77 92 80 80 120 134 134 Average Rating 58 | 6 7 8 21 21 42 54 74 76 82 71 78 112 122 124 On Entrance 51 | . 7 8 9 21 20 56 53 72 77 80 65 80 108 123 Naked Turns . | . . . . . . . . . . . . . . . Heaviest Build 278 | 13 30 30 69 63 228 226 278 70 74 62 58 92 111 101 Greatest Support 83 | 40 40 40 40 40 72 60 72 72 72 60 60 60 80 83 Greatest Overweight (x) 3 | 3 1 . 3 1 3 3 3 . 1 2 1 1 1 1 Average Overweight (x) . | . . . . 1 1 3 . . . 1 . 1 . . Largest Inventory Capacity 35 | 8 15 15 20 20 35 35 35 20 20 20 20 20 20 20 Average Capacity 20 | 7 14 15 19 20 21 35 20 20 20 20 20 20 20 20 Most Carried 31 | 2 13 15 20 20 31 31 29 19 20 20 20 20 20 20 Average Carried 18 | . 9 14 18 19 17 30 19 18 19 19 19 19 19 19 Final Capacity 35 | 8 15 15 20 20 35 35 20 20 20 20 20 20 20 20 Final Carried 31 | 2 13 15 19 20 31 30 20 18 20 20 20 20 18 9 Class Distribution -------------------- 51% | Mutant 20% | Scavenger-Mutant 12% | Scavenger-Gunner 12% | Hauler-Mutant Dominant Class ---------------- Mutant | -10/Materials Mutant | -10/Mines Mutant | -9/Materials Mutant | -9/Mines Mutant | -9/Exiles Hauler-Mutant | -8/Mines Mutant | -8/Materials Mutant | -7/Factory Scavenger-Mutant | -7/Storage Scavenger-Mutant | -7/Recycling Scavenger-Mutant | -7/Scraptown Scavenger-Gunner | -5/Factory Scavenger-Gunner | -4/Factory Scavenger-Gunner | -4/Extension Resources | -11 -10 -10 -9 -9 -9 -8 -8 -7 -7 -7 -7 -5 -4 -4 ----------- Run | Yrd Mat Min Mat Min Exi Min Mat Fac Sto Rec Scr Fac Fac Ext Matter Collected 6706 | 354 234 114 504 22 1243 66 240 19 649 56 30 632 878 1665 Remotely 1338 | . . . . . . . . . . . . . . 1338 Salvage Created 10670 | 225 338 30 564 69 501 195 1328 19 1283 281 . 1180 1911 2746 Parts 608 | 26 17 2 38 9 72 5 73 3 75 11 . 65 105 107 Haulers Intercepted 3 | . 1 . . . . . . . 2 . . . . . Recyclers Shooed 8 | 1 . . 1 . . . . . . 1 . . 1 4 Parts Field Recycled . | . . . . . . . . . . . . . . . Retrieved Matter . | . . . . . . . . . . . . . . . Parts Self-Destructed . | . . . . . . . . . . . . . . . Prevented . | . . . . . . . . . . . . . . . Kills | -11 -10 -10 -9 -9 -9 -8 -8 -7 -7 -7 -7 -5 -4 -4 ------- Run | Yrd Mat Min Mat Min Exi Min Mat Fac Sto Rec Scr Fac Fac Ext Combat Hostiles Destroyed 163 | . 6 1 17 7 5 6 24 . 17 3 . 19 30 28 Guns 137 | . 6 1 9 . . 1 24 . 17 2 . 19 30 28 Cannons 1 | . . . . . . . . . . 1 . . . . AOE 25 | . . . 8 7 5 5 . . . . . . . . Classes Destroyed 18 | 3 3 . 2 . 3 1 2 . . . . 1 1 2 Worker 14 | 2 . . . . . 1 . . 4 . . . 4 3 Builder 12 | . . . . . . . 3 . 1 . . 1 2 5 Tunneler 7 | 6 . . . . . . . . . . . . . 1 Hauler 3 | . 1 . . . . . . . 2 . . . . . Recycler 9 | 1 . . 2 1 . . 1 . . 1 . . . 3 Operator 3 | . 1 . . . . . . 1 . . . . 1 . Turret 1 | . . . . . 1 . . . . . . . . . Watcher 6 | . . . . . . . 2 . 1 . . 1 1 1 Swarmer 33 | . . . 7 7 . . 3 . . . . 4 11 1 Saboteur 1 | . . . . . . . . . . . . . . 1 Grunt 64 | . 6 1 6 . . 5 12 . 10 . . 5 7 12 Brawler 1 | . . . . . . . . . . . . . . 1 Duelist 3 | . . . . . . 1 2 . . . . . . . Sentry 40 | . . . 4 . . . 7 . 7 3 . 5 6 8 Hunter 6 | . . . . . . . . . . . . . 2 4 Programmer 10 | . . . . . . . . . . . . 6 4 . Zionite 8 | . . . . . 8 . . . . . . . . . Assembled 7 | . . . . . 7 . . . . . . . . . Savage 1 | . . . . . . . . . . . . . . 1 Guerrilla 1 | . . . . . . . . . . . . . . 1 Best Kill Streak 20 | 3 2 1 5 5 6 3 7 1 6 2 . 5 20 7 Combat Bots Only 15 | . 2 1 4 4 5 3 7 . 4 1 . 5 15 5 Max Kills in Single Turn 5 | 1 1 1 3 5 2 1 4 1 2 1 . 2 4 2 Gunslinging 2 | . . . . . . . . . . . . 1 2 . Exploded 4 | . . . 2 4 2 1 . . . . . . . . Melee . | . . . . . . . . . . . . . . . Uniques/NPCs Destroyed 4 | . . . . . 4 . . . . . . . . . EX-HEX (-9/Exiles) 8R-AWN (-9/Exiles) EX-DEC (-9/Exiles) EX-BIN (-9/Exiles) Combat | -11 -10 -10 -9 -9 -9 -8 -8 -7 -7 -7 -7 -5 -4 -4 -------- Run | Yrd Mat Min Mat Min Exi Min Mat Fac Sto Rec Scr Fac Fac Ext Hostile Shots Fired 1298 | . 44 5 72 14 33 24 76 . 245 99 . 77 249 360 Missed 445 | . 11 2 19 5 3 9 30 . 96 36 . 17 83 134 Damage Taken 13708 | . 481 35 739 108 1058 342 686 . 1255 433 . 1216 2895 4460 Core 1990 | . 59 . 18 10 140 . 136 . 222 34 . 197 217 957 Absorbed by Shields 904 | . . . . . . . . . . . . . 445 459 Redirected to Shielding 207 | . . . . . . . . . 57 30 . 11 15 94 Regen/Repaired (Parts) 50 | . 39 . . . . . 11 . . . . . . . Core Remaining (%) 75 | 100 . 76 . . . 58 75 . . . 63 80 . . Volleys Fired 442 | 14 36 2 31 3 73 12 . . 49 9 . 42 62 109 Largest 4 | 2 2 2 2 1 2 2 . . 2 2 . 3 4 4 Hottest 134 | 40 50 40 126 30 60 56 . . 60 50 . 101 134 108 Shots Fired 1211 | 28 72 5 57 3 107 22 98 1 105 18 . 87 223 385 Gun 1171 | 28 70 5 48 . 98 12 98 1 105 13 . 87 223 383 Cannon 7 | . . . . . . . . . . 5 . . . 2 Launcher 33 | . 2 . 9 3 9 10 . . . . . . . . Special . | . . . . . . . . . . . . . . . Kinetic 943 | 28 70 5 4 . 98 12 . . 69 4 . 87 187 379 Thermal 235 | . . . 44 . . . 98 1 36 14 . . 36 6 Explosive 33 | . 2 . 9 3 9 10 . . . . . . . . Electromagnetic . | . . . . . . . . . . . . . . . Robot Hit Streak 18 | 6 12 9 10 2 6 6 9 3 14 9 . 18 13 15 Robot Miss Streak 6 | 2 4 1 2 1 5 2 3 . 4 2 . 6 5 6 Penetration Max 2 | . . . . . 1 . . . 2 . . 1 1 1 Secondary Targets 18 | . 1 . 1 . . . . . . . . 2 5 9 Max Gunslinging Chain 3 | . 1 . 1 . . . . . . . . 1 3 1 Autonomous 159 | . . . . . . . 98 1 15 . . . 39 6 Shots Hit Robots 771 | 18 50 3 34 2 56 12 72 1 81 14 . 60 135 233 Core Hits 432 | 10 21 2 31 10 37 13 37 1 39 6 . 40 74 111 Critical Kills 45 | . . . . . 7 . . . 18 2 . 4 10 4 Critical Parts Destroyed 44 | . 2 . . . 10 . . . 19 . . 1 9 3 Critical Strikes 98 | . 2 . 2 . 17 . . . 39 6 . 5 20 7 Burn 8 | . . . 2 . . . . . 2 4 . . . . Destroy 90 | . 2 . . . 17 . . . 37 2 . 5 20 7 Melee Attacks 11 | . . . 8 . . . 1 . . . . 1 1 . Impact 9 | . . . 8 . . . 1 . . . . . . . Slashing 2 | . . . . . . . . . . . . 1 1 . Piercing . | . . . . . . . . . . . . . . . Sneak Attacks . | . . . . . . . . . . . . . . . Combat Hostiles . | . . . . . . . . . . . . . . . Follow-up Attacks . | . . . . . . . . . . . . . . . Damage Inflicted 22593 | 234 702 32 1117 389 1596 733 2443 32 1846 318 . 2435 3790 6926 Guns 19615 | 234 671 32 544 . 883 118 2094 32 1844 212 . 2377 3730 6844 Cannons 178 | . . . . . . . . . . 106 . . . 72 Explosions 2584 | . 24 . 573 389 713 500 349 . . . . . 36 . Melee 33 | . . . . . . . . . . . . 33 . . Ramming 183 | . 7 . . . . 115 . . 2 . . 25 24 10 Kinetic 15179 | 234 671 32 36 . 883 118 . . 1113 58 . 2377 2898 6759 Thermal 5048 | . . . 508 . . 85 2443 32 731 260 . . 832 157 Explosive 2150 | . 24 . 573 389 713 415 . . . . . . 36 . Electromagnetic . | . . . . . . . . . . . . . . . Impact . | . . . . . . . . . . . . . . . Slashing 33 | . . . . . . . . . . . . 33 . . Piercing . | . . . . . . . . . . . . . . . Highest Corruption 8 | . 2 2 . . . . . . 4 4 . 6 1 8 Average Corruption 2 | . 2 2 . . . . . . 3 4 . 4 1 1 Corruption Purged . | . . . . . . . . . . . . . . . Corruption Blocked . | . . . . . . . . . . . . . . . Effects 56 | . 9 4 . . . . . . 13 7 . 8 1 14 Message Errors 8 | . . . . . . . . . 3 1 . 2 . 2 Matter Fused 19 | . 3 1 . . . . . . 5 1 . 2 1 6 Heat Flow Errors 6 | . . . . . . . . . 1 2 . 1 . 2 Energy Discharges 5 | . 2 1 . . . . . . 1 1 . . . . Parts Fused 1 | . . . . . . . . . . . . . . 1 Data Loss (minor) 5 | . 2 1 . . . . . . 1 1 . . . . Data Loss (major) 4 | . 2 . . . . . . . 1 1 . . . . Misfires 4 | . . 1 . . . . . . . . . 1 . 2 Weapon Failures 4 | . . . . . . . . . 1 . . 2 . 1 Overload Shots . | . . . . . . . . . . . . . . . Overflow Damage 261 | . . . . 43 26 7 128 . . 14 . . 23 20 Projectiles 34 | . . . . . . . . . . 14 . . . 20 Explosions 220 | . . . . 43 26 . 128 . . . . . 23 . Melee 7 | . . . . . . 7 . . . . . . . . Knockbacks 2 | . . . . . . 1 . . . . . 1 . . Impact 2 | . . . . . . 1 . . . . . 1 . . Kinetic . | . . . . . . . . . . . . . . . Secondary . | . . . . . . . . . . . . . . . Self-Inflicted Damage 446 | . 71 . 5 43 . 97 59 . . . . . 171 . Shots 12 | . 2 . 1 2 . 4 1 . . . . . 2 . Rammed 3 | . 2 . . . . . . . . . . . . 1 Targets Rammed 15 | . 2 . . . . 4 1 . 1 . . 1 3 3 Kicked 12 | . . . . . . 4 1 . 1 . . 1 3 2 Crushed . | . . . . . . . . . . . . . . . Highest Temperature 264 | . 26 . 147 . 264 . 15 . 161 263 . 101 92 153 Average Temperature 52 | . 10 . 32 . 100 . 8 . 50 121 . 21 29 36 Received Heat Transfer 3321 | . 258 18 261 . . 135 306 . 426 90 . 207 502 1118 Siege Activations . | . . . . . . . . . . . . . . . Robots Corrupted 1 | . . . . . . 1 . . . . . . . . Combat Hostiles . | . . . . . . . . . . . . . . . Parts Fried 2 | . . . . . . 2 . . . . . . . . Impact Corruptions 2 | . . . . . . 2 . . . . . . . . Robots Melted . | . . . . . . . . . . . . . . . Combat Hostiles . | . . . . . . . . . . . . . . . Parts Melted 17 | . . . 2 . . . 7 . 4 2 . . 2 . Heat Transferred 7491 | . . . 1258 . . 150 2790 37 1332 740 . . 999 185 Parts Sabotaged 2 | . . . . . . . . . . . . . . 2 Parts Stolen . | . . . . . . . . . . . . . . . Parts Stripped . | . . . . . . . . . . . . . . . Power Chain Reactions . | . . . . . . . . . . . . . . . Alert | -11 -10 -10 -9 -9 -9 -8 -8 -7 -7 -7 -7 -5 -4 -4 ------- Run | Yrd Mat Min Mat Min Exi Min Mat Fac Sto Rec Scr Fac Fac Ext Peak Influence 1472 | 45 195 113 323 149 . 115 413 131 558 263 . 418 797 1472 Initial 389 | . 29 18 . 46 . . 44 126 59 190 . . 204 389 Average 255 | 19 81 29 126 64 . 41 246 127 347 237 . 219 370 816 Maximum Alert Level 4 | . 1 . 1 . . . 2 . 2 1 . 2 3 4 Low Security (%) 53 | 100 99 100 73 100 . 100 30 100 23 18 . 40 . . Level 1 25 | . . . 26 . . . 58 . 26 81 . 53 68 4 Level 2 11 | . . . . . . . 10 . 50 . . 5 22 28 Level 3 7 | . . . . . . . . . . . . . 8 48 Level 4 2 | . . . . . . . . . . . . . . 19 Level 5 . | . . . . . . . . . . . . . . . High Security . | . . . . . . . . . . . . . . . Max Security . | . . . . . . . . . . . . . . . Squads Dispatched 33 | . 1 . 2 . . . 1 . 5 . . 3 10 11 Investigation 4 | . 1 . 1 . . . . . . . . . 1 1 Extermination 3 | . . . . . . . . . . . . 1 2 . Reinforcement 16 | . . . 1 . . . 1 . 2 . . 2 4 6 Assault 4 | . . . . . . . . . . . . . . 4 Garrison 6 | . . . . . . . . . 3 . . . 3 . Intercept . | . . . . . . . . . . . . . . . Searches Triggered . | . . . . . . . . . . . . . . . Construction Impeded 10 | . . . . . . . . . 1 . . 1 2 6 Haulers Reinforced 1 | . . . . . . . . . . . . 1 . . Active Scanning Responses . | . . . . . . . . . . . . . . . Cargo Convoy Interrupts . | . . . . . . . . . . . . . . . Stealth | -11 -10 -10 -9 -9 -9 -8 -8 -7 -7 -7 -7 -5 -4 -4 --------- Run | Yrd Mat Min Mat Min Exi Min Mat Fac Sto Rec Scr Fac Fac Ext Distress Signals 13 | . 1 . 2 . . . 1 . 3 . . 1 1 4 Communications Jammed . | . . . . . . . . . . . . . . . Distress Signals . | . . . . . . . . . . . . . . . Times Spotted 263 | . 18 4 27 7 19 5 30 . 21 2 . 22 38 70 Peak Tracking Total 18 | . 3 2 5 4 7 3 8 . 5 2 . 5 6 18 Tactical Retreats 22 | . 4 1 1 . 6 . 1 . 1 . . 1 5 2 Traps | -11 -10 -10 -9 -9 -9 -8 -8 -7 -7 -7 -7 -5 -4 -4 ------- Run | Yrd Mat Min Mat Min Exi Min Mat Fac Sto Rec Scr Fac Fac Ext Traps Triggered 9 | . 3 . 3 . . . . . 2 . . . . 1 Indirectly . | . . . . . . . . . . . . . . . Trap Hack Attempts . | . . . . . . . . . . . . . . . Triggered . | . . . . . . . . . . . . . . . Disarmed . | . . . . . . . . . . . . . . . Reprogrammed . | . . . . . . . . . . . . . . . Reused 3 | . . 3 . . . . . . . . . . . . Traps Extracted . | . . . . . . . . . . . . . . . Installed 4 | . . 4 . . . . . . . . . . . . Triggered 3 | . . 3 . . . . . . . . . . . . Most Traps Carried 1 | . . 1 1 . . . . . . . . . . . Machines | -11 -10 -10 -9 -9 -9 -8 -8 -7 -7 -7 -7 -5 -4 -4 ---------- Run | Yrd Mat Min Mat Min Exi Min Mat Fac Sto Rec Scr Fac Fac Ext Machines Disabled 34 | . . . . . 17 1 5 . 4 . . 1 5 1 Max in Single Turn 2 | . . . . . 2 1 2 . 1 . . 1 2 1 Garrison Access 2 | . . . . . . . . 1 1 . . . . . Machines Repaired . | . . . . . . . . . . . . . . . Machines Dismantled . | . . . . . . . . . . . . . . . Machines Sabotaged . | . . . . . . . . . . . . . . . Overloaded Fab Kills . | . . . . . . . . . . . . . . . Hacking | -11 -10 -10 -9 -9 -9 -8 -8 -7 -7 -7 -7 -5 -4 -4 --------- Run | Yrd Mat Min Mat Min Exi Min Mat Fac Sto Rec Scr Fac Fac Ext Machines Accessed 54 | . 8 1 14 . 1 . 10 3 5 3 . 1 4 4 Terminals 38 | . 5 . 11 . . . 8 1 4 1 . 1 3 4 Fabricators . | . . . . . . . . . . . . . . . Repair Stations 2 | . 1 . . . . . 1 . . . . . . . Recycling Units 6 | . 2 . 1 . . . . 1 . 2 . . . . Scanalyzers 3 | . . . 2 . . . 1 . . . . . . . Garrison Access 3 | . . . . . . . . 1 1 . . . 1 . Total Hacks 155 | . 22 1 42 . 1 . 41 8 14 9 . 2 8 7 Successful 87 | . 10 1 29 . 1 . 24 3 8 5 . 1 2 3 Failed 68 | . 12 . 13 . . . 17 5 6 4 . 1 6 4 Catastrophic 3 | . 1 . . . . . 2 . . . . . . . Database Lockouts . | . . . . . . . . . . . . . . . Manual 78 | . 16 . 20 . 1 . 23 2 9 3 . 2 1 1 Terminals 115 | . 16 . 32 . . . 32 3 13 4 . 2 6 7 Fabricators . | . . . . . . . . . . . . . . . Repair Stations 8 | . 2 . . . . . 6 . . . . . . . Recycling Units 14 | . 4 . 3 . . . . 2 . 5 . . . . Scanalyzers 10 | . . . 7 . . . 3 . . . . . . . Garrison Access 6 | . . . . . . . . 3 1 . . . 2 . Terminal Hacks 31 | . . 1 10 . 1 . 9 1 3 2 . . 2 2 Record 2 | . . . . . . . . . . 2 . . . . Part Schematic 1 | . . . . . . . . . 1 . . . . . Robot Analysis 2 | . . . 2 . . . . . . . . . . . Prototype ID Bank 4 | . . . 3 . . . 1 . . . . . . . Open Door 4 | . . 1 . . . . . . 1 . . . . 2 Emergency Access Points 1 | . . . . . . . 1 . . . . . . . Terminal Index 1 | . . . . . . . 1 . . . . . . . Alert Level 1 | . . . . . . . . 1 . . . . . . Unreport Threat 4 | . . . 1 . . . 2 . . . . . 1 . Locate Traps 3 | . . . 1 . . . 1 . 1 . . . . . Recall Reinforcements 1 | . . . . . . . . . . . . . 1 . Hauler Manifests 2 | . . . 1 . . . 1 . . . . . . . Registered Components 2 | . . . 1 . . . 1 . . . . . . . Zone Layout 2 | . . . 1 . . . 1 . . . . . . . Derelict Proto ID Bank 1 | . . . . . 1 . . . . . . . . . Fabricator Hacks . | . . . . . . . . . . . . . . . Repair Station Hacks 5 | . 2 . . . . . 3 . . . . . . . Scan Component 3 | . 1 . . . . . 2 . . . . . . . Repair 2 | . 1 . . . . . 1 . . . . . . . Recycling Unit Hacks 3 | . 1 . 1 . . . . . . 1 . . . . Retrieve Components 3 | . 1 . 1 . . . . . . 1 . . . . Scanalyzer 9 | . . . 7 . . . 2 . . . . . . . Insert Component 5 | . . . 4 . . . 1 . . . . . . . Analyze 4 | . . . 3 . . . 1 . . . . . . . Garrison Access Hacks 2 | . . . . . . . . 1 1 . . . . . Seal Access 2 | . . . . . . . . 1 1 . . . . . Unauthorized Hacks 37 | . 7 . 11 . . . 10 1 4 2 . 1 . 1 Terminals 35 | . 7 . 10 . . . 10 1 4 1 . 1 . 1 Assimilate 1 | . . . 1 . . . . . . . . . . . Botnet 7 | . 1 . 3 . . . 3 . . . . . . . Disrupt 1 | . . . . . . . . . 1 . . . . . Operators 3 | . 1 . . . . . 2 . . . . . . . Skim 23 | . 5 . 6 . . . 5 1 3 1 . 1 . 1 Fabricators . | . . . . . . . . . . . . . . . Repair Stations . | . . . . . . . . . . . . . . . Recycling Units 2 | . . . 1 . . . . . . 1 . . . . Tunnel 2 | . . . 1 . . . . . . 1 . . . . Scanalyzers . | . . . . . . . . . . . . . . . Garrison Access . | . . . . . . . . . . . . . . . Data Cores Recovered 3 | . 1 . . . . . . 1 . . . . 1 . Used 1 | . . . . . . . . . . . . . 1 . Hacking Detections 44 | . 7 . 12 . . . 9 3 4 2 . 1 4 2 Full Trace Events 3 | . 1 . . . . . . . . . . . 1 1 Feedback Events . | . . . . . . . . . . . . . . . Feedback Blocked . | . . . . . . . . . . . . . . . Robot Schematics Acquired . | . . . . . . . . . . . . . . . Robots Built . | . . . . . . . . . . . . . . . Authchips . | . . . . . . . . . . . . . . . Time . | . . . . . . . . . . . . . . . Total Robot Build Rating . | . . . . . . . . . . . . . . . Part Schematics Acquired 4 | . . . 3 . . . . . 1 . . . . . Parts Built . | . . . . . . . . . . . . . . . Authchips . | . . . . . . . . . . . . . . . Time . | . . . . . . . . . . . . . . . Total Part Build Rating . | . . . . . . . . . . . . . . . Parts Repaired 2 | . 1 . . . . . 1 . . . . . . . Time 134 | . 26 . . . . . 108 . . . . . . . Parts Recycled . | . . . . . . . . . . . . . . . Recycled Matter . | . . . . . . . . . . . . . . . Retrieved Matter . | . . . . . . . . . . . . . . . Retrieved Components 15 | . 3 . 9 . . . . . . 3 . . . . Parts Scanalyzed 4 | . . . 3 . . . 1 . . . . . . . Part Schematics Acquired 3 | . . . 3 . . . . . . . . . . . Parts Damaged . | . . . . . . . . . . . . . . . Bothacking | -11 -10 -10 -9 -9 -9 -8 -8 -7 -7 -7 -7 -5 -4 -4 ------------ Run | Yrd Mat Min Mat Min Exi Min Mat Fac Sto Rec Scr Fac Fac Ext Used RIF Installer . | . . . . . . . . . . . . . . . Robots Hacked . | . . . . . . . . . . . . . . . Non-combat . | . . . . . . . . . . . . . . . Combat . | . . . . . . . . . . . . . . . Robot Hacks Applied . | . . . . . . . . . . . . . . . Relay Couplers Released 3 | . . . . . . . . . . . . 3 . . Programmers 3 | . . . . . . . . . . . . 3 . . Fabnet Peak Effective % . | . . . . . . . . . . . . . . . Robots Rewired 12 | . . . . . . . . . . . . 2 . 10 Allies Hacked . | . . . . . . . . . . . . . . . Hacks Repelled . | . . . . . . . . . . . . . . . Allies | -11 -10 -10 -9 -9 -9 -8 -8 -7 -7 -7 -7 -5 -4 -4 -------- Run | Yrd Mat Min Mat Min Exi Min Mat Fac Sto Rec Scr Fac Fac Ext Total Allies 15 | . . . . . . . . . . . . 2 . 13 Largest Group 12 | . . . . . . . . . . . . 2 . 12 Highest-Rated Group 528 | . . . . . . . . . . . . 78 . 528 Highest-Rated Ally 51 | . . . . . . . . . . . . 49 . 51 Total Orders 1 | . . . . . 1 . . . . . . . . . RETURN 1 | . . . . . 1 . . . . . . . . . Ally Attacks 317 | . . . . . 128 . . . . . . 4 . 185 Total Damage 5226 | . . . . . 772 . . . . . . 135 . 4319 Kills 32 | . . . . . 1 . . . . . . 2 . 29 Allies Corrupted . | . . . . . . . . . . . . . . . Allies Melted . | . . . . . . . . . . . . . . . Turrets Deployed 1 | . . . . . . . . . . . . . . 1 Intel | -11 -10 -10 -9 -9 -9 -8 -8 -7 -7 -7 -7 -5 -4 -4 ------- Run | Yrd Mat Min Mat Min Exi Min Mat Fac Sto Rec Scr Fac Fac Ext Robot Analysis Total 2 | . . . 2 . . . . . . . . . . . Derelict Logs Recovered 4 | . . 1 . 3 . . . . . . . . . . Drone Launches 12 | . . . . . 12 . . . . . . . . . Drone Recoveries 12 | . . . . . 12 . . . . . . . . . Exploration | -11 -10 -10 -9 -9 -9 -8 -8 -7 -7 -7 -7 -5 -4 -4 ------------- Run | Yrd Mat Min Mat Min Exi Min Mat Fac Sto Rec Scr Fac Fac Ext Turns Passed 16087 | 213 1056 716 1002 524 5128 1137 1295 174 671 369 790 686 979 1347 Spaces Moved 7275 | 99 438 415 356 213 2019 330 763 144 306 170 725 289 444 564 Core 15 | 15 . . . . . . . . . . . . . . Treads 2484 | 84 438 415 356 213 978 . . . . . . . . . Legs 4776 | . . . . . 1041 330 763 144 306 170 725 289 444 564 Wheels . | . . . . . . . . . . . . . . . Hover . | . . . . . . . . . . . . . . . Flight . | . . . . . . . . . . . . . . . Fastest Speed 50 | 50 160 160 160 240 120 330 120 120 120 190 105 170 60 110 Average Speed 183 | 154 160 160 235 240 216 330 146 120 144 190 108 177 161 166 Slowest Speed 400 | 200 240 160 400 240 330 330 330 120 190 260 190 180 176 170 Overloaded Moves 173 | . . . . . . . . . . . . . 95 78 Propulsion Burnouts . | . . . . . . . . . . . . . . . Robots Hopped . | . . . . . . . . . . . . . . . Cave-ins Triggered . | . . . . . . . . . . . . . . . Exploration Rate (%) 49 | 5 83 97 40 51 89 76 60 5 51 43 54 6 18 62 Regions Visited 14 Branch Regions 8 Pre-discovered Areas 4 | . 1 . 2 . . . . . . 1 . . . . Known Exits Taken 10 | . . 1 1 1 . 1 1 1 1 1 . 1 1 . Unknown Exits Taken 4 | 1 1 . . . 1 . . . . . 1 . . . Scrap Searched 4 | . . 1 . 1 . . . . . . 2 . . . Spaces Dug 7 | . . . 4 . . . 1 . . . . . 2 . Terrain Destroyed 481 | . 11 . 61 25 60 84 45 . 30 4 . 12 62 87 Melee 6 | . . . 4 . . . 1 . . . . . 1 . Projectile 190 | . . . . . 13 . 20 . 28 4 . 12 26 87 AOE 280 | . 11 . 57 25 45 84 24 . . . . . 34 . Terrain Rammed . | . . . . . . . . . . . . . . . Walls Destroyed . | . . . . . . . . . . . . . . . Machines Disabled . | . . . . . . . . . . . . . . . Actions | -11 -10 -10 -9 -9 -9 -8 -8 -7 -7 -7 -7 -5 -4 -4 --------- Run | Yrd Mat Min Mat Min Exi Min Mat Fac Sto Rec Scr Fac Fac Ext Total 9297 | 127 715 463 448 223 2671 348 943 145 439 198 729 414 588 846 Wait 964 | 6 219 29 10 . 464 1 136 . 44 16 1 18 15 5 Move 7261 | 98 437 414 355 212 2018 329 762 143 305 169 724 288 443 564 Hop . | . . . . . . . . . . . . . . . Pick Up 130 | 2 10 5 13 2 38 . 10 . 6 1 1 10 16 16 Fast Attach 35 | 7 3 . 2 . 4 . 1 . 3 . 1 2 9 3 Attach 72 | . 1 . 4 . 6 1 7 2 9 1 1 8 15 17 Detach 11 | . 1 . . . 2 . 3 . 2 . . . 1 2 Swap 112 | . 6 5 15 4 27 1 7 . 12 1 1 12 14 7 Drop 118 | . . 4 10 2 39 . 15 . 8 1 . 15 9 15 Fire 442 | 14 36 2 31 3 73 12 . . 49 9 . 42 62 109 Melee 11 | . . . 8 . . . 1 . . . . 1 1 . Ram 1 | . . . . . . . . . . . . . . 1 Kick 12 | . . . . . . 4 1 . 1 . . 1 3 2 Crush 2 | . 2 . . . . . . . . . . . . . Escape Stasis 5 | . . . . . . . . . . . . . . 5 Rewire 117 | . . . . . . . . . . . . 17 . 100 Trap 4 | . . 4 . . . . . . . . . . . . Miscellaneous . | . . . . . . . . . . . . . . . Route ------- -11/Scrapyard -10/Materials (discovered 5 exits: Mat x3 / *Min / Sub) -10/Mines (discovered 2 exits: *Mat x2) -9/Materials (discovered 5 exits: Mat x3 / *Min x2) -9/Mines -9/Exiles -8/Mines -8/Materials (discovered 2 exits: *Fac x2) -7/Factory (discovered 6 exits: Fac x2 / *Sto x2 / Low x2) -7/Storage (discovered 2 exits: Fac / *Rec) -7/Recycling -7/Scraptown -5/Factory (discovered 2 exits: *Fac / *Upp) -4/Factory (discovered 2 exits: [*Upp] / *Ext) -4/Extension History --------- Turn | Location | Event 12 | -11/Scrapyard | Discovered new exit (range 16) 214 | -11/Scrapyard | Entered Materials 310 | -10/Materials | Build established: Mutant 708 | -10/Materials | Repaired Lgt. Armor Plating 840 | -10/Materials | Learned Storage trap positions 895 | -10/Materials | Learned location of 1 exit from Storage 940 | -10/Materials | Learned Storage trap positions 998 | -10/Materials | Learned location of 1 exit from Storage 1013 | -10/Materials | Identified exit to Materials 1074 | -10/Materials | Identified exit to Subcaves 1118 | -10/Materials | Learned location of Mines (-10) 1176 | -10/Materials | Discovered new exit (range 15) 1270 | -10/Materials | Entered Mines 1335 | -10/Mines | Found the Drone Emporium 1350 | -10/Mines | Found Prototype Device 1354 | -10/Mines | Identified Thief Drone Bay 1401 | -10/Mines | Learned 8 Materials zone layouts 1446 | -10/Mines | Found a hidden stash of uninstalled traps 1733 | -10/Mines | Discovered exit to Materials (range 9) 1986 | -10/Mines | Entered Materials 1986 | -9/Materials | Evolved 2 slots: Utility x2 1987 | -9/Materials | Identified exit to Mines 1987 | -9/Materials | Identified exit to Materials 2626 | -9/Materials | Learned location of 1 exit from Storage 2697 | -9/Materials | Learned location of 1 exit from Recycling 2723 | -9/Materials | Loaded intel: 50 non-interactive machine locations 2988 | -9/Materials | Entered Mines 2995 | -9/Mines | Received a Rocket Launcher from a helpful Derelict 3092 | -9/Mines | Learned location of 1 exit from Materials 3183 | -9/Mines | Learned location of 1 exit from Materials 3219 | -9/Mines | Identified exit to Exiles 3451 | -9/Mines | Found a damaged Exp. Sensor Array with a note attached 3455 | -9/Mines | Found Prototype Device 3455 | -9/Mines | Identified Exp. Sensor Array 3500 | -9/Mines | Deemed a non-threat by the Exiles lab entrance 3512 | -9/Mines | Entered Exiles 3544 | -9/Exiles | Discovered new exit (range 15) 3572 | -9/Exiles | Met 8R-AWN 3611 | -9/Exiles | Met EX-HEX 3680 | -9/Exiles | Met EX-BIN 3709 | -9/Exiles | Aligned with FarCom system 3712 | -9/Exiles | Given EX-Vault access code 3752 | -9/Exiles | Build established: Scavenger-Mutant 3772 | -9/Exiles | Opened EX-Vault 3827 | -9/Exiles | Warned to stay clear of 0b10 Research branches 3908 | -9/Exiles | Met EX-DEC 4997 | -9/Exiles | Found Potential Leg 5001 | -9/Exiles | Found Potential Leg 5016 | -9/Exiles | Found XL Autogun Array 5044 | -9/Exiles | Build established: Mutant 5668 | -9/Exiles | Found AWS/Thermal 5852 | -9/Exiles | Attacked by the Exiles 5869 | -9/Exiles | Destroyed EX-HEX 5872 | -9/Exiles | Found 8R-AWN's Boregun 5947 | -9/Exiles | Found Prototype Device 6012 | -9/Exiles | Allies destroyed 8R-AWN 6028 | -9/Exiles | Identified AS-neutralizer No. 17b 6111 | -9/Exiles | Found 8R-AWN's Boregun 7277 | -9/Exiles | Destroyed EX-DEC 7379 | -9/Exiles | Destroyed EX-BIN 7510 | -9/Exiles | Found Prototype Processor 7519 | -9/Exiles | Found Deploy-a-Sentry 7531 | -9/Exiles | Identified Exp. Core Analyzer 8104 | -9/Exiles | Build established: Hauler-Mutant 8640 | -9/Exiles | Stole four prototypes: Potential Leg, AWS/Thermal, XL Autogun Array, Deploy-a-Sentry 8640 | -9/Exiles | Entered Mines 9760 | -8/Mines | Discovered exit to Materials (range 7) 9777 | -8/Mines | Entered Materials 9777 | -8/Materials | Evolved 2 slots: Utility x2 9778 | -8/Materials | Identified exit to Factory 9970 | -8/Materials | Destroyed 7 combat bots 10105 | -8/Materials | Build established: Mutant 10895 | -8/Materials | Repaired Faulty Exp. Sensor Array 11003 | -8/Materials | Learned location of 3 exits from Factory 11024 | -8/Materials | Learned Storage security intel 11055 | -8/Materials | Learned 8 Factory zone layouts 11072 | -8/Materials | Entered Factory 11072 | -7/Factory | Evolved 2 slots: Utility x2 11073 | -7/Factory | Identified exit to Storage 11073 | -7/Factory | Identified exit to Lower Caves 11074 | -7/Factory | Identified exit to Factory 11246 | -7/Factory | Entered Storage 11247 | -7/Storage | Identified exit to Recycling 11249 | -7/Storage | Loaded intel: 12 trap records 11366 | -7/Storage | AWS/Thermal suddenly broke down 11777 | -7/Storage | Used back door to open Recycling access 11799 | -7/Storage | Build established: Scavenger-Mutant 11917 | -7/Storage | Entered Recycling 11918 | -7/Recycling | Identified exit to Scraptown 12123 | -7/Recycling | Lost 3 parts (1p1n1w) 12238 | -7/Recycling | Scanned before Scraplab entrance 12267 | -7/Recycling | Entered Scraplab 12286 | -7/Recycling | Entered Scraptown 12286 | -7/Scraptown | System corruption cleaned by C-Scrubber 12474 | -7/Scraptown | Discovered new exit (range 11) 12580 | -7/Scraptown | Visited Red Mages 12820 | -7/Scraptown | Turned away by UFD registrar 12844 | -7/Scraptown | Visited Cyclists 13006 | -7/Scraptown | Visited Awakened 13076 | -7/Scraptown | Entered Factory 13076 | -5/Factory | Evolved 4 slots: Utility x2, Weapon x2 13375 | -5/Factory | Build established: Scavenger-Gunner 13383 | -5/Factory | Discovered new exit (range 13) 13383 | -5/Factory | Discovered new exit (range 15) 13607 | -5/Factory | Identified exit to Factory 13682 | -5/Factory | Identified exit to Upper Caves 13762 | -5/Factory | Entered another Factory area 13762 | -4/Factory | Evolved 2 slots: Power x1, Propulsion x1 13763 | -4/Factory | Identified exit to Extension 14081 | -4/Factory | AWS/Thermal suddenly broke down 14294 | -4/Factory | AWS/Thermal suddenly broke down 14434 | -4/Factory | Garrison activated, responded to threat 14542 | -4/Factory | Destroyed 15 combat bots 14546 | -4/Factory | Lost 9 parts (2p3u4w) 14621 | -4/Factory | AWS/Thermal suddenly broke down 14674 | -4/Factory | Discovered new exit (range 13) 14677 | -4/Factory | Lost 4 parts (1p3u) 14741 | -4/Factory | Entered Extension 15166 | -4/Extension | Disrupted transfer network 15221 | -4/Extension | Rescued a captive Derelict 15446 | -4/Extension | Rescued a captive Derelict 15452 | -4/Extension | Rescued a captive Derelict 15832 | -4/Extension | Build established: Commander-Gunner 15851 | -4/Extension | Spotted B-86 Titan 15862 | -4/Extension | AWS/Thermal suddenly broke down 15875 | -4/Extension | Allies destroyed B-86 Titan 15897 | -4/Extension | Spotted B-86 Titan 15906 | -4/Extension | Allies destroyed B-86 Titan 15934 | -4/Extension | Lost 4 allies 15991 | -4/Extension | First assault squad dispatched 15992 | -4/Extension | Lost 3 allies 16032 | -4/Extension | AWS/Thermal suddenly broke down 16053 | -4/Extension | DAS Turret deployed 16061 | -4/Extension | Core integrity fell below 50% 16082 | -4/Extension | Core integrity fell below 20% 16088 | -4/Extension | Destroyed by G-73 Enforcer with Phase Gun Last Messages --------------- 16070_ Critical hit (Burn: +50). 16072_ Destroyed Imp. Treads. 16074_ Exp. Flexi-carbon Leg destroyed. 16074_ U-05 Engineer destroyed. 16076_ The unstable cave ceiling collapses. 16076_ Myomer Leg destroyed. 16076_ Matter Neutralizer destroyed. 16077_ Adv. Targeting Computer destroyed. 16078_ Myomer Leg destroyed. 16079_ Lgt. Antimatter Reactor destroyed. 16080_ Neutrino Core destroyed. 16083_ Critical hit (Burn: +50). 16085_ The unstable cave ceiling collapses. 16085_ Critical hit (Burn: +50). 16085_ Adv. Cooling System destroyed. 16087_ The unstable cave ceiling collapses. 16087_ Imp. Target Analyzer blown off. 16087_ Exp. Flexi-carbon Leg blown off. 16087_ E-15 Imp destroyed. 16088_ Slammed into G-67 Veteran. Map ----- +----------------------------------------------------+ | ?????????????????????????????????????????????????? | | ?????????????????????????????????????????????????? | | ?????????????????????????????????????????????????? | | ?????????????????????????????????????????????????? | | ?????????????????????????????????????????????????? | | ?????????????????????????????????????????????????? | | ?????????????????????????????????????????????????? | | ?????????????????????????????????????????????????? | | ?????????????????????????????????????????????????? | | ?????????????????????????????????????????????????? | | ?????????????????????????????????????????????????? | | ?????????????????????????????????????????????????? | | ?????????????????????????????????????????????????? | | ?????????????????????????????????????????????????? | | ?????????????????????????????????????????????????? | | ?????????????????????????????????????????????????? | | ?????????????????????????????????????????????????? | | ???????????????????#####?????????????????????????? | | ?????????????????###***#???##????????????????????? | | ?????????????????? #### ###??????????????????? | | ???????????????????# # #??????????????????? | | ###############+##### # # # ############???????? | | % %% g !% !* ?????? | | * [%!% g=!!! [/%! %=%[ ?????? | | ! !%=% ! %ggt%g g!g= %%!= ?????? | | %=%=*! %!u*@!g i!/%*% % ?????? | | |[[%! d %b*%gk =% = u ?????? | | ########"############ /=/!! ############???????? | | #??????###??????????# != #??????????????????? | | ????????????????????# # # ##??????????????????? | | ????????????????????### ######???????????????????? | | ??????????????????????##?????????????????????????? | | ?????????????????????????????????????????????????? | | ?????????????????????????????????????????????????? | | ?????????????????????????????????????????????????? | | | | | | | | | | | | | | | | | | | | | | | | | | | | | | | +----------------------------------------------------+ Best States ------------- Heat Dissipation 69 Energy Generation 37 Energy Capacity 530 Matter Stores 300 Matter Capacity 300 Sight Range 16 Terrain Scan Range 24 Terrain Scan Density 10 Additional Mass Support 12 Armor Coverage 675 Utility Shielding 66 Weapon Cycling 25 Phase Shifting 10 Evasion (%) 60 Targeting Accuracy 8 Target Analysis 6 Core Analysis 8 Armor Integrity Analysis 40 Recoil Reduction 2 Matter Filtering 30 Kinecelleration 40 Item Schematics ----------------- Lrg. Storage Unit | -9/Materials | Scanalyzed Seismic Detector | -9/Materials | Scanalyzed Imp. Terrain Scanner | -9/Materials | Scanalyzed Imp. Salvage Targeting Computer | -7/Storage | Hacked Robot Schematics ------------------ None Fabricated ------------ Nothing Alien Tech Used ----------------- None Achievements -------------- None Challenges ------------ None Game ------ Seed CoolantTransportArticulator Manual? 0 Play Time 02:13:54 Cumulative 244.2 hours Start 2024.09.09 @ 11:05:53 End 2024.09.09 @ 15:45:36 Sessions 1 Manual Loads 0 Difficulty Rogue Special Mode None Game No. 207 Rogue 207 Adventurer 0 Explorer 0 Win Type - Total 1 Types 0/0/0/1/0/0/0/0/0 Lore% 66 Gallery% 75 Achievement% 55 Wizard Run 0 Options --------- Layout 2 ASCII 0 Keyboard 1 Movement Vi Keybinds 0 Fullscreen 1 Font 32/SmallcapsGlow Map View 77x44 Zoom Use 0% Tactical HUD 1 Map Filters NONE Filters NONE Steam 1 RUN: dc1d734f-b7c6-46f0-a684-4dfdc2da914a